 Dungeon Crawl Stone Soup version 0.28-a0-991-g956f0ee3d5 (webtiles) character file.

Game seed: 14238928497995250517

137 oldriver the Magician (level 5, -1/38 HPs)
             Began as a Draconian Conjurer on Dec 5, 2021.
             Slain by Grinder (2 damage)
             ... on level 2 of the Dungeon.
             The game lasted 00:05:14 (3658 turns).

oldriver the Magician (Draconian Conjurer)          Turns: 3658, Time: 00:05:15

Health: -1/38      AC:  5    Str: 10    XL:     5   Next: 0%
Magic:  12/12      EV: 12    Int: 20    God:
Gold:   80         SH:  0    Dex:  9    Spells: 10/13 levels left

rFire   . . .      SeeInvis .   e - +0 short sword
rCold   . . .      Faith    .   (no shield)
rNeg    . . .      Spirit   .   (armour unavailable)
rPois   .          Reflect  .   (helmet restricted)
rElec   .          Harm     .   (no cloak)
rCorr   .          Rampage  .   (no gloves)
Will    .....                   (no boots)
Stlth   ++........              (no amulet)
HPRegen 0.12/turn               (no ring)
MPRegen 0.13/turn               (no ring)

@: brilliant
A: AC +5, unfitting armour, cold-blooded
a: no special abilities


You were on level 2 of the Dungeon.
You visited 1 branch of the dungeon, and saw 3 of its levels.

You collected 80 gold pieces.

Inventory:

Hand Weapons
 e - a +0 short sword (weapon)
Potions
 h - a potion of cancellation
 k - a potion of flight {unknown}


   Skills:
 + Level 0.2 Fighting
 - Level 1.7 Dodging
 - Level 1.7 Stealth
 * Level 4.8 Spellcasting
 - Level 4.0 Conjurations


You had 10 spell levels left.
You knew the following spells:

 Your Spells              Type           Power      Damage    Failure   Level
a - Magic Dart            Conj           100%       1d8       2%          1
b - Searing Ray           Conj           62%        2d6       3%          2

Your spell library contained the following spells:

 Spells                   Type           Power      Damage    Failure   Level
 Dazzling Flash           Conj/Hex       38%        N/A       16%         3
 Ensorcelled Hibernation  Hex/Ice        14%        N/A       19%         2
 Tukima's Dance           Hex            7%         N/A       34%         3
 Fulminant Prism          Conj/Hex       9%         3d7       45%         4
 Iskenderun's Mystic Bla  Conj/Tloc      19%        2d6       45%         4
 Conjure Ball Lightning   Conj/Air       9%         3x3d6     100%        6
 Discord                  Hex            3%         N/A       100%        8
 Disjunction              Tloc           3%         N/A       100%        8


Dungeon Overview and Level Annotations

Branches:
Dungeon (3/15)

Altars:

Shops:
D:1 !(*[   D:3 [

Annotations:
D:2 Grinder, Robin


Innate Abilities, Weirdness & Mutations

Your plain brown scales are hard. (AC +5)
You cannot fit into any form of body armour.
You are cold-blooded and may be slowed by cold attacks.


Message History

There is a stone staircase leading up here.
Unknown command.
Grinder gestures at you. Pain shoots through your body!
The rat bites you but does no damage.
The orc wizard points at you and mumbles some strange words.
The magic dart hits you!
You climb upwards.
Level annotation: Robin
There is a stone staircase leading down here.
You hit the rat.
You tail-slap the rat, but do no damage.
The rat is severely wounded.
Grinder gestures at you.
You barely resist. The rat misses you.
You hit the rat.
You kill the rat!
Grinder hits you!
You have reached level 5!
Grinder gestures at you.
You suddenly lose the ability to move!
Grinder hits you but does no damage. Grinder gestures at you.
You shrug off the repeated paralysis!
Grinder hits you.
You writhe in agony.
* * * LOW HITPOINT WARNING * * *
Grinder hits you.
* * * LOW HITPOINT WARNING * * *
Grinder hits you.
* * * LOW HITPOINT WARNING * * *
You writhe in agony.
* * * LOW HITPOINT WARNING * * *
You can move again.
Things that are here:
a +0 robe; a +0 dagger; a hobgoblin skeleton It was a potion of brilliance.
You feel clever all of a sudden. Grinder hits you.
* * * LOW HITPOINT WARNING * * *
You writhe in agony.
You die...

#.#.#....#.#.#..#
#.#.#.##.#.#.#..#
#.#.#.##.#.#.#..#
#.#.#......#.#..#
#.#.####.#......#
#.#..........##.#
#.######........################
##.########.#####....)...........
#.............))@5...)...........
###########.#####################
#.# #.# #.# ############### #.#
#.......^.....# #.#
#.#######.....# #.# #.# #.....#
#.# #.# ####.##


You could see Grinder.

Vanquished Creatures
  An orc wizard (D:2)
  4 gnolls
  2 adders (D:2)
  4 orcs
  A bat (D:2)
  2 endoplasms
  A giant cockroach (D:1)
  10 goblins
  8 hobgoblins
  3 quokkas
  A ball python (D:1)
  3 frilled lizards
  5 kobolds
  3 rats
48 creatures vanquished.

Notes
Turn   | Place    | Note
-------+----------+-------------------------------------------
     0 | D:1      | oldriver the Draconian Conjurer began the quest for the
                  | Orb.
     0 | D:1      | Reached XP level 1. HP: 14/14 MP: 3/3
    46 | D:1      | Found Celov's Assorted Antiques.
   482 | D:1      | Found Zoaceskiali's Weapon Shoppe.
   510 | D:1      | Found Xenoerch's Distillery.
   655 | D:1      | Reached XP level 2. HP: 20/20 MP: 2/5
   875 | D:1      | Found Oxub Exa's Antique Armour Emporium.
  1573 | D:2      | Reached XP level 3. HP: 26/26 MP: 0/7
  1971 | D:2      | Found a faded altar of an unknown god.
  2659 | D:3      | Found Haqikot's Armour Boutique.
  2667 | D:3      | Noticed Robin
  2745 | D:2      | Learned a level 2 spell: Searing Ray
  2973 | D:3      | Reached XP level 4. HP: 33/33 MP: 1/10
  3112 | D:3      | Noticed Grinder
  3651 | D:2      | Reached XP level 5. HP: 17/38 MP: 12/12
  3651 | D:2      | Paralysed by Grinder for 7 turns
  3658 | D:2      | HP: 1/38 [Grinder (2)]
  3658 | D:2      | Slain by Grinder

Illustrated notes

Levels and vault maps discovered:
D:1:      mushboom_english_gardens, layout_loops_corners, serial_shops,
          nicolae_diamond_shop, shop, nicolae_shop_advertising_works
          [nicolae_subvault_shop_adworks], shop
D:2:      layout_basic, hellmonk_ecumenical_altar_heavens_door,
          corexii_hall_statues_l
D:3:      layout_rooms, serial_shops, shop, shop_coins, shop,
          nicolae_shop_hallway_stairs, nicolae_shop_stone, uniq_terence,
          uniq_grinder, uniq_robin, uniq_natasha

Skill      XL: |  1  2  3 |
---------------+----------+-----
Spellcasting   | 3 4 |  4.8
Fighting       | |  0.2
Dodging        | |  1.7
Stealth        | |  1.7
Conjurations   | |  4.0

Action                   |  1- 3 |  4- 6 || total
-------------------------+-------+-------++-------
Melee: Unarmed           |       |    11 ||    11
       Short sword       |       |     5 ||     5
       Tailslap          |       |     2 ||     2
 Cast: Magic Dart        |    87 |     6 ||    93
       Searing Ray       |     1 |     7 ||     8
  Use: Scroll            |     6 |       ||     6
       Potion            |     2 |     1 ||     3
Armor: Skin              |     7 |    10 ||    17
Dodge: Dodged            |    16 |    31 ||    47

Table legend: (Time is in decaauts)
 A = Elapsed time spent in this place.
 B = Non-inter-level travel time spent in this place.
 C = Inter-level travel time spent in this place.
 D = Time resting spent in this place.
 E = Time spent auto-exploring this place.
 F = Levels seen in this place.
 G = Mean time per level.
                   A        B        C        D        E       F      G
               +--------+--------+--------+--------+--------+-----+--------+
         Total |   3668 |   3504 |    164 |   1028 |   2111 |   3 | 1222.7 |
       Dungeon |   3668 |   3504 |    164 |   1028 |   2111 |   3 | 1222.7 |
               +--------+--------+--------+--------+--------+-----+--------+

Top non-repeatable levels by time:
     D:2: 2312 daAuts
     D:1: 1251 daAuts
     D:3: 104 daAuts
